 Dungeon Crawl Stone Soup version 0.29-a0-1033-gb6c65ffae6 (webtiles) character file.

Game seed: 1838484217675154968

35095 lesbiats the Bludgeoner (level 13, -8/135 HPs)
             Began as a Troll Berserker on Aug 14, 2022.
             Was an Elder of Trog.
             Mangled by a spriggan rider
             ... wielding a +0 spear
              (21 damage)
             ... on level 1 of the Swamp.
             The game lasted 01:22:01 (16525 turns).

lesbiats the Bludgeoner (Troll Berserker)          Turns: 16525, Time: 01:22:02

Health: -8/135     AC: 12    Str: 38    XL:     13   Next: 45%
Magic:  12/12      EV: 12    Int:  3    God:    Trog [****..]
Gold:   73         SH:  5    Dex:  9    Spells: 12/12 levels left

rFire   + . .      SeeInvis .   R - +6 flail of Geamm {freeze, Fragile rF+ Str+6}
rCold   . . .      Faith    .   (no shield)
rNeg    . . .      Spirit   .   y - +0 acid dragon scales
rPois   +          Reflect  +   h - +0 hat
rElec   .          Harm     .   o - +2 cloak
rCorr   +          Rampage  .   (gloves unavailable)
Will    ++...                   (boots unavailable)
Stlth   +.........              b - amulet of reflection
HPRegen 2.12/turn               B - ring of poison resistance
MPRegen 0.13/turn               d - ring of flight

@: strong-willed (expiring), flying, regenerating (expiring), studying 2 skills
A: large, unfitting armour, claws 3, regeneration 1, shaggy fur 1, tough skin 1
a: Renounce Religion, Berserk, Trog's Hand, Brothers in Arms


You were on level 1 of the Swamp.
You worshipped Trog.
Trog was greatly pleased with you.
You visited 3 branches of the dungeon, and saw 14 of its levels.
You also visited: Bailey.

You collected 742 gold pieces.
You spent 669 gold pieces at shops.

Inventory:

Hand Weapons
 F - a +0 giant spiked club
 R - the +6 flail of Geamm (weapon) {freeze, Fragile rF+ Str+6}
   (You found it on level 8 of the Dungeon)

   It freezes those it strikes, dealing additional cold damage.
   It can also slow down cold-blooded creatures.
   Str:       It affects your strength (+6).
   rF:        It protects you from fire.
   Fragile:   It will be destroyed if unequipped.
 S - a +4 halberd
Missiles
 j - 24 poisoned darts
 O - 29 javelins
 U - a throwing net
 X - 4 large rocks (quivered)
Armour
 h - a +0 hat (worn)
 o - a +2 cloak (worn)
 y - +0 acid dragon scales (worn)
 T - a +0 troll leather armour
Jewellery
 b - an amulet of reflection (around neck)
 d - a ring of flight (right claw)
 f - a +4 ring of evasion
 B - a ring of poison resistance (left claw)
 I - a ring of resist corrosion
Wands
 i - a wand of flame (57)
 u - a wand of polymorph (5)
 K - a wand of mindburst (5)
 N - a wand of paralysis (3)
Scrolls
 a - a scroll of identify
 l - 9 scrolls of enchant weapon
 p - a scroll of fear {unknown}
 r - 2 scrolls of enchant armour {unknown}
 s - 3 scrolls of torment
 t - 3 scrolls of poison
 w - 5 scrolls of teleportation
 x - 2 scrolls of fog {unknown}
 z - 3 scrolls of summoning
 A - 2 scrolls of magic mapping
 H - 3 scrolls of immolation
 M - a scroll of silence {unknown}
 W - 3 scrolls of noise
 Y - 2 scrolls of acquirement
Potions
 c - 5 potions of curing
 e - a potion of invisibility
 n - 2 potions of heal wounds
 q - 2 potions of mutation
 C - 3 potions of flight
 G - 2 potions of berserk rage
 J - a potion of lignification
 L - 2 potions of haste
 P - 2 potions of might
 Q - 5 potions of cancellation
 V - a potion of attraction {unknown}
 Z - 2 potions of ambrosia


   Skills:
 + Level 10.7 Fighting
 * Level 15.4 Maces & Flails
 - Level 4.3 Throwing
 + Level 3.4 Armour
 - Level 9.1 Dodging


You had 12 spell levels left.
You didn't know any spells.
Your spell library contained the following spells:

 Spells                   Type           Power      Damage    Failure   Level
 Freeze                   Ice            0%         1d3       56%         1
 Ensorcelled Hibernation  Hex/Ice        0%         N/A       71%         2
 Call Canine Familiar     Summ           0%         N/A       91%         3
 Confusing Touch          Hex            0%         N/A       91%         3
 Dazzling Flash           Conj/Hex       0%         N/A       91%         3
 Portal Projectile        Hex/Tloc       0%         N/A       91%         3
 Tukima's Dance           Hex            0%         N/A       91%         3
 Corpse Rot               Necr/Pois/Air  0%         N/A       100%        4
 Dispel Undead            Necr           0%         3d6       100%        4
 Leda's Liquefaction      Hex/Erth       0%         N/A       100%        4
 Passage of Golubria      Tloc           0%         N/A       100%        4
 Summon Ice Beast         Ice/Summ       0%         N/A       100%        4
 Summon Mana Viper        Hex/Summ       0%         N/A       100%        5
 Yara's Violent Unravell  Hex/Tmut       0%         3d3       100%        5
 Death Channel            Necr           0%         N/A       100%        6
 Enfeeble                 Hex            0%         N/A       100%        7
 Monstrous Menagerie      Summ           0%         N/A       100%        7
 Discord                  Hex            0%         N/A       100%        8


Dungeon Overview and Level Annotations

Branches:
Dungeon (10/15)            Temple (0/1) D:7            Lair (3/5) D:10
  Swamp (1/4) Lair:2       Spider (0/4) Lair:3       Bailey (visited)
    Orc: D:9-12

Altars:
Kikubaaqudgha
Uskayaw
Vehumet
Wu Jian
Xom
Yredelemnul

Shops:
D:3 **!(   D:9 ?   D:10 :


Innate Abilities, Weirdness & Mutations

You are too large for most types of armour.
You have claws for hands.
Your natural rate of healing is unusually fast.
You are covered in fur. (AC +1)
You have tough skin. (AC +1)


Message History

You sock the swamp worm! You freeze the swamp worm.
The swamp worm is severely wounded.
You hear a shout!
The swamp worm is engulfed in noxious fumes.
The swamp worm bites you!!
You sock the swamp worm! You freeze the swamp worm.
You kill the swamp worm!
Trog accepts your kill.
You can now call in reinforcements.
You sock the swamp drake! You freeze the swamp drake.
The swamp drake is heavily wounded.
You are no longer corroded.
You closely miss the swamp drake.
The swamp drake is heavily wounded.
The swamp drake breathes poison at you.
The noxious blast engulfs you but does no damage.
You resist.
The swamp drake attacks as you move away!
The swamp drake barely misses you. The bunyip claws you.
You block the bunyip's attack. The bunyip claws you.
You feel the effects of Trog's Hand fading.
The spriggan rider is engulfed in noxious fumes.
The spriggan rider hits you from afar with a +0 spear!!
* * * LOW HITPOINT WARNING * * *
You hit the swamp drake. You freeze the swamp drake.
The swamp drake is severely wounded.
The swamp drake barely misses you.
You sock the swamp drake! You freeze the swamp drake.
The swamp drake is almost dead.
The spriggan rider barely misses you.
You closely miss the swamp drake.
The swamp drake is almost dead.
The swamp drake misses you.
The spriggan rider hits you from afar with a +0 spear!
* * * LOW HITPOINT WARNING * * *
The bunyip attacks as you move away! You block the bunyip's attack.
The bunyip closely misses you. The bunyip claws you!
* * * LOW HITPOINT WARNING * * *
The swamp drake barely misses you.
The spriggan rider hits you from afar with a +0 spear!!
You die...

♣♣♣♣ ♣♣♣♣♣♣
.~.~♣♣♣♣~...♣♣♣ ♣♣♣♣♣♣♣♣♣
~.~~.~..~~~~.§♣♣♣........
~~~~~..~~~~~~..~♣.....~~.
~.~~~..~@~~~...♣♣..~~~~~~
..~~~.xk~.~.$~♣♣♣.~~~~~~~
..~~..i~~~~~.....~~~~~~~.
.~♣♣.~~~~~~~~....~~~~~~~.
. ♣.~...~~§~......~...♣♣
♣...♣♣.~~~~~~..~~..♣~♣
♣~... ♣.~~~~~[..§~..~~♣
♣~~.~~ ♣.~~~~♣.~.......♣
...~~~~~.♣~..♣♣...~♣....♣


You could see a bunyip, a spriggan rider and a swamp drake.

Vanquished Creatures
  A ghost crab (Swamp:1)
  2 catoblepae (Lair:2)
  A two-headed ogre (D:9)
  The ghost of Zonian the Artisan of Death, a novice DsNe of Kikubaaqudgha (Lair:1)
  A goliath frog (Swamp:1)
  5 elephants (Lair:2)
  12 cane toads
  A kobold demonologist (D:8)
  A rime drake (Lair:2)
  5 komodo dragons
  A troll (D:8)
  12 blink frogs
  Grinder (D:5)
  Sigmund (D:2)
  4 culicivoras (Lair:3)
  62 yaks
  3 wyverns
  3 basilisks
  2 steam dragons (D:8)
  Edmund (D:5)
  Menkaure (D:5)
  A swamp worm (Swamp:1)
  4 acid dragons
  9 water moccasins
  A swamp drake (Swamp:1)
  2 black bears
  10 orc warriors
  An ice beast (D:6)
  12 wolves
  An ogre (D:5)
  10 centaurs (Bailey)
  2 kobold brigands (D:8)
  6 bullfrogs
  4 necrophages
  3 gnoll sergeants
  2 scorpions (D:7)
  4 wights (D:8)
  3 killer bees
  2 electric eels (Lair:1)
  A howler monkey (D:8)
  A jelly (D:7)
  Crazy Yiuf (D:2)
  3 hounds
  4 orc priests
  3 iguanas
  5 orc wizards
  13 gnolls
  4 adders
  A shadow imp (D:7)
  A white imp (D:8)
  An ufetubus (D:4)
  A worm (D:2)
  7 dart slugs
  35 orcs
  5 ball pythons
  10 endoplasms
  3 giant cockroaches (D:1)
  12 goblins
  7 hobgoblins
  5 jackals
  4 quokkas (D:1)
  6 bats
  5 frilled lizards
  7 kobolds
  9 rats
352 creatures vanquished.

Vanquished Creatures (others)
  An orc warrior (Bailey)
  8 fungi
  13 plants
22 creatures vanquished.

Grand Total: 374 creatures vanquished

Notes
Turn   | Place    | Note
-------+----------+-------------------------------------------
     0 | D:1      | lesbiats the Troll Berserker began the quest for the Orb.
     0 | D:1      | Reached XP level 1. HP: 22/22 MP: 0/0
    63 | D:1      | Reached XP level 2. HP: 26/29 MP: 1/1
    77 | D:1      | Reached skill level 3 in Maces & Flails
   293 | D:1      | Found a faded altar of an unknown god.
   483 | D:1      | Reached XP level 3. HP: 35/36 MP: 2/2
   543 | D:1      | Reached ** piety under Trog
  1267 | D:2      | Noticed Sigmund
  1277 | D:2      | Killed Sigmund
  1278 | D:2      | Reached skill level 4 in Maces & Flails
  1278 | D:2      | Reached XP level 4. HP: 45/45 MP: 3/3
  1278 | D:2      | Reached XP level 5. HP: 53/53 MP: 4/4
  1813 | D:2      | Found a runed translucent door.
  1814 | D:2      | Noticed Crazy Yiuf
  1824 | D:2      | Killed Crazy Yiuf
  1825 | D:2      | Reached XP level 6. HP: 61/61 MP: 5/5
  2072 | D:3      | Found Maviupask's Weapon Shop.
  2082 | D:3      | Bought 3 poisoned darts for 15 gold pieces
  2542 | D:3      | Found Cikh's Distillery.
  2542 | D:3      | Found Ujuuso's Assorted Antiques.
  2623 | D:3      | Found Cymisi's Assorted Antiques.
  3545 | D:4      | Reached skill level 5 in Maces & Flails
  4063 | D:3      | Bought a blackened brass ring for 130 gold pieces
  4077 | D:3      | Bought a potion of heal wounds for 50 gold pieces
  4077 | D:3      | Bought a potion of curing for 30 gold pieces
  4404 | D:5      | Entered Level 5 of the Dungeon
  4404 | D:5      | Found a basalt altar of Yredelemnul.
  4464 | D:5      | Reached XP level 7. HP: 65/68 MP: 6/6
  4504 | D:5      | Noticed Edmund
  4520 | D:5      | Killed Edmund
  4524 | D:5      | Reached skill level 6 in Maces & Flails
  4665 | D:5      | Noticed Menkaure
  4670 | D:5      | Killed Menkaure
  4677 | D:5      | Reached XP level 8. HP: 62/79 MP: 7/7
  4822 | D:5      | Noticed Grinder
  4834 | D:5      | Killed Grinder
  4835 | D:5      | Reached skill level 7 in Maces & Flails
  5390 | D:6      | Reached skill level 5 in Fighting
  5390 | D:6      | Reached skill level 5 in Dodging
  6493 | D:7      | Reached skill level 8 in Maces & Flails
  6526 | D:7      | Found a staircase to the Ecumenical Temple.
  6664 | D:8      | Reached XP level 9. HP: 24/88 MP: 8/8
  6712 | D:8      | Noticed a kobold demonologist
  6714 | D:8      | Noticed a sixfirhy
  6719 | D:8      | Killed a kobold demonologist
  6859 | D:8      | Found a flagged portal.
  6886 | Bailey   | Entered a bailey
  7073 | Bailey   | Reached skill level 9 in Maces & Flails
  7091 | Bailey   | Reached *** piety under Trog
  7868 | Bailey   | Reached XP level 10. HP: 52/100 MP: 9/9
  8133 | Bailey   | Reached skill level 10 in Maces & Flails
  8335 | Bailey   | Reached skill level 11 in Maces & Flails
  8335 | Bailey   | Reached XP level 11. HP: 111/111 MP: 10/10
  8610 | D:8      | Identified the +1 ring mail of Libiemuc {Harm rPois Slay-5}
  8617 | D:8      | Identified the +6 flail of Geamm {freeze, Fragile rF+
                  | Str+6}
  8902 | D:8      | Reached skill level 12 in Maces & Flails
  9685 | D:9      | Found Vyigud's Magic Scroll Shop.
  9740 | D:9      | Bought a scroll of identify for 22 gold pieces
  9740 | D:9      | Bought a scroll of identify for 22 gold pieces
  9740 | D:9      | Bought a scroll of enchant weapon for 82 gold pieces
  9740 | D:9      | Bought a scroll of blinking for 82 gold pieces
  9740 | D:9      | Bought a scroll of identify for 22 gold pieces
  9955 | D:9      | Noticed a two-headed ogre
  9974 | D:9      | Killed a two-headed ogre
 10452 | D:10     | Entered Level 10 of the Dungeon
 10499 | D:9      | HP: 4/113 [yak (7)]
 10617 | D:10     | Found a hide-covered altar of Uskayaw.
 10621 | D:10     | Found a shimmering altar of Xom.
 10622 | D:10     | Found an ancient bone altar of Kikubaaqudgha.
 10622 | D:10     | Found a radiant altar of Vehumet.
 10798 | D:10     | Reached skill level 13 in Maces & Flails
 10989 | D:10     | Reached XP level 12. HP: 103/122 MP: 11/11
 10995 | D:10     | Found a staircase to the Lair.
 11079 | D:10     | Found Zasmee's Book Shop.
 11397 | D:3      | Bought a lead wand for 104 gold pieces
 11558 | Lair:1   | Entered Level 1 of the Lair of Beasts
 11919 | Lair:1   | Got the Grimoire of Congelation and Spellbinding
 12017 | Lair:1   | Found a runed translucent gate.
 12018 | Lair:1   | Found a runed translucent gate.
 12018 | Lair:1   | Found a runed translucent gate.
 12041 | Lair:1   | Noticed Zonian's ghost (novice DsNe)
 12254 | Lair:1   | Reached **** piety under Trog
 12258 | Lair:1   | Reached skill level 14 in Maces & Flails
 12501 | Lair:1   | Killed Zonian's ghost
 12987 | Lair:2   | Noticed a catoblepas
 13196 | Lair:2   | Found a staircase to the Swamp.
 13464 | Lair:2   | Noticed a catoblepas
 13507 | Lair:2   | Killed a catoblepas
 13508 | Lair:2   | Reached XP level 13. HP: 57/133 MP: 12/12
 13685 | Lair:2   | Reached skill level 10 in Fighting
 14725 | Lair:3   | Reached skill level 15 in Maces & Flails
 14760 | Lair:3   | Reached skill level 1 in Armour
 14775 | Lair:3   | Identified 3 scrolls of acquirement
 14808 | Lair:3   | Acquired a manual of Fighting
 14846 | Lair:3   | Found an ornate altar of the Wu Jian Council.
 15272 | D:3      | Bought a potion of berserk rage for 50 gold pieces
 15272 | D:3      | Bought 2 potions of curing for 60 gold pieces
 15628 | Lair:3   | Found a hole to the Spider Nest.
 16420 | Swamp:1  | Entered Level 1 of the Swamp
 16513 | Swamp:1  | Noticed a bunyip
 16525 | Swamp:1  | Mangled by a spriggan rider

Illustrated notes

Levels and vault maps discovered:
D:1:      dpeg_arrival_lava_temple_mockup, layout_loops_ring,
          hellmonk_ecumenical_altar_defaced_shrine
D:2:      minmay_inner_zag, layout_basic, minivault_14, uniq_crazy_yiuf_cottage,
          uniq_sigmund
D:3:      layout_loops_corners, serial_shops, nicolae_shop_hallway_stairs,
          nicolae_square_shop, nicolae_shop_bloodbath_and_beyond, shop
D:4:      layout_loops_ring, minmay_surrounded
D:5:      cheibrodos_quashed, layout_loops_ring,
          mainiacjoe_overflow_cross_hatched, uniq_edmund, uniq_menkaure,
          uniq_grinder
D:6:      layout_basic
D:7:      layout_basic, minmay_temple_entry_glassed_door
D:8:      layout_loops_ring, enter_bailey_7
D:9:      layout_cross, serial_shops, shop_scrolls, minivault_11,
          nicolae_straight_to_the_point
D:10:     layout_rooms, grunt_temple_overflow_open, minmay_lair_entry_grove,
          serial_shops, nicolae_stop_n_shop_2,
          amcnicky_mini_rare_corridor_liquid
Lair:1:   layout_regular_city, ebering_ghost_rock_garden, lemuel_fruit_tree,
          grunt_megastairs_3, infiniplex_staircase_pool
Lair:2:   nzn_winding_woodlands_medium [nzn_winding_woodlands_5x5_checkerboard,
          nzn_winding_woodlands_5x15_parted,
          nzn_winding_woodlands_5x5_closed_star,
          nzn_winding_woodlands_5x5_default,
          nzn_winding_woodlands_center_triple_pond,
          nzn_winding_woodlands_hourglass, nzn_winding_woodlands_5x5_cross,
          nzn_winding_woodlands_5x15_jagged,
          nzn_winding_woodlands_5x5_open_star], layout_long_grid,
          swamp_mist_pool, fungi_pond_lemuel, minmay_holes, minivault_26,
          beast_lair_carwin_10
Lair:3:   statuecave_lemuel, layout_loops_ring,
          hellmonk_spider_entry_life_and_decay, basic_altar
Swamp:1:  layout_basic_swamp, evilmike_swamp_ruin_house_1, uniq_frances

Skill      XL: |  1  2  3  4  5  6  7  8  9 10 11 12 13 |
---------------+----------------------------------------+-----
Maces & Flails | 3 4 5 6 8 9 11 13 14 15 | 15.4
Fighting       | 3 4 5 6 7 8 9 10 | 10.7
Dodging        | 3 4 5 6 7 8 9 |  9.1
Throwing       | 4 |  4.3
Armour         | 3 |  3.4

Action                   |  1- 3 |  4- 6 |  7- 9 | 10-12 | 13-15 || total
-------------------------+-------+-------+-------+-------+-------++-------
Melee: Mace              |   105 |   168 |    17 |       |       ||   290
       Flail             |       |       |   238 |   473 |   177 ||   888
       Punch             |       |       |     5 |     4 |     2 ||    11
       Halberd           |       |       |    12 |     6 |       ||    18
Throw: Dart              |       |       |     9 |     5 |       ||    14
       Large rock        |       |       |       |       |     3 ||     3
Invok: Berserk           |     1 |     6 |     9 |    13 |     2 ||    31
       Trog's Hand       |     1 |     2 |     9 |    11 |     3 ||    26
       Brothers in Arms  |       |       |       |     1 |       ||     1
Evoke: Wand              |       |       |     4 |       |     2 ||     6
  Use: Scroll            |       |     6 |       |    13 |     6 ||    25
       Potion            |       |       |     2 |     5 |     4 ||    11
 Stab: Sleeping          |       |     2 |       |       |       ||     2
       Petrified         |       |       |       |     5 |       ||     5
Armor: Animal skin       |    42 |    65 |    42 |       |       ||   149
       Steam dragon scal |       |       |   101 |    35 |       ||   136
       Troll leather arm |       |       |       |    95 |    16 ||   111
       Acid dragon scale |       |       |       |       |     7 ||     7
Dodge: Dodged            |    67 |   107 |   258 |   249 |    72 ||   753
Block: Other             |       |       |       |       |    24 ||    24

Table legend: (Time is in decaauts)
 A = Elapsed time spent in this place.
 B = Non-inter-level travel time spent in this place.
 C = Inter-level travel time spent in this place.
 D = Time resting spent in this place.
 E = Time spent auto-exploring this place.
 F = Levels seen in this place.
 G = Mean time per level.
                   A        B        C        D        E       F      G
               +--------+--------+--------+--------+--------+-----+--------+
         Total |  16726 |  14125 |   2601 |   3599 |   6596 |  15 | 1115.1 |
       Dungeon |  10902 |   8751 |   2151 |   1994 |   4911 |  10 | 1090.2 |
          Lair |   4139 |   3689 |    450 |    895 |   1618 |   3 | 1379.7 |
         Swamp |    102 |    102 |      0 |     31 |     19 |   1 |  102.0 |
        Bailey |   1582 |   1582 |      0 |    678 |     47 |   1 | 1582.0 |
               +--------+--------+--------+--------+--------+-----+--------+

Top non-repeatable levels by time:
  Lair:2: 2087 daAuts
  Bailey: 1582 daAuts
     D:1: 1446 daAuts
     D:3: 1440 daAuts
     D:8: 1399 daAuts
     D:9: 1210 daAuts
  Lair:1: 1176 daAuts
     D:4: 1071 daAuts
     D:5: 953 daAuts
     D:6: 902 daAuts
  Lair:3: 875 daAuts
     D:2: 865 daAuts
    D:10: 807 daAuts
     D:7: 806 daAuts
 Swamp:1: 102 daAuts
